 Dungeon Crawl Stone Soup version 0.25-a0-592-g443c2f7 (webtiles) character file.

Game seed: 12189630996528889611, levelgen mode: deterministic

114 Scoots the Shield-Bearer (level 5, -24/42 HPs)
             Began as a Formicid Fighter on Mar 14, 2020.
             Annihilated by an orc warrior
             ... wielding a +0 glaive
              (26 damage)
             ... on level 3 of the Dungeon.
             The game lasted 00:06:58 (1590 turns).

Scoots the Shield-Bearer (Formicid Fighter)         Turns: 1590, Time: 00:06:58

Health: -24/42     AC:  8    Str: 21    XL:     5   Next: 18%
Magic:  5/5        EV:  8    Int:  8    God:
Gold:   85         SH:  9    Dex: 10    Spells: 4/4 levels left

rFire    . . .     SeeInvis +   a - +0 long sword
rCold    + . .     Gourm    .   c - +0 kite shield
rNeg     . . .     Faith    .   b - +0 scale mail
rPois    .         Spirit   .   (helmet unavailable)
rElec    .         Reflect  .   e - +0 cloak
rCorr    .         Harm     .   (no gloves)
MR       .....                  (no boots)
Stlth    ..........             (no amulet)
HPRegen  0.14/turn              i - ring of protection from cold
MPRegen  0.09/turn              (no ring)

@: no status effects
A: permanent stasis, dig shafts and tunnels, four strong arms, antennae 3
a: Dig, Shaft Self


You were on level 3 of the Dungeon.
You were very hungry.

You visited 1 branch of the dungeon, and saw 3 of its levels.

You collected 85 gold pieces.

Inventory:

Hand Weapons
 a - a +0 long sword (weapon)
 g - a +0 hunting sling
Missiles
 j - 8 sling bullets
Armour
 b - a +0 scale mail (worn)
 c - a +0 kite shield (worn)
 e - a +0 cloak (worn)
Jewellery
 i - a ring of protection from cold (left hand)
Scrolls
 h - a scroll of identify
 k - 2 scrolls of magic mapping
Comestibles
 f - 6 rations


   Skills:
 + Level 3.7 Fighting
 + Level 3.1 Long Blades
 + Level 1.0 Slings
 + Level 3.6 Armour
 + Level 1.3 Dodging
 + Level 0.2 Stealth
 + Level 4.4 Shields


You had 4 spell levels left.
You didn't know any spells.
Your spell library was empty.

Dungeon Overview and Level Annotations

Branches:
Dungeon (3/15)

Altars:


Innate Abilities, Weirdness & Mutations

You cannot be hasted, slowed, berserked, paralysed or teleported.
You can dig through walls and to a lower floor.
Your four strong arms can wield two-handed weapons with a shield.
You have a pair of large antennae on your head. (SInv)


Message History

An orc comes into view. It is wielding a +0 trident.
The orc hits you with a +0 hand axe.
* * * LOW HITPOINT WARNING * * *
You block the orc warrior's attack. The orc hits you but does no damage.
As you read the scroll labeled QIESIM LYTO, it crumbles to dust.
You feel blessed for a moment.
It was a scroll of remove curse.
The orc shouts!
The orc closely misses you.
The orc warrior hits you from afar with a +0 glaive.
* * * LOW HITPOINT WARNING * * *
You aren't carrying any potions.
You hit the orc.
The orc is lightly wounded.
The orc closely misses you. You block the orc's attack.
The orc hits you but does no damage.
You completely miss the orc.
The orc is lightly wounded.
The orc warrior hits you from afar with a +0 glaive!!
Ouch! That really hurt!
You die...

...##############
.......r..rsooo.####
.....##[#######.@oo#
... #.# ####o.o..# #
#(. {{....# s...
...# #..{. ..#
...... .. (...... /
..).....


You could see an orc warrior, 6 orcs, a giant cockroach and a rat.

Vanquished Creatures
  A worker ant (D:2)
  2 adders
  3 oozes
  3 dart slugs (D:2)
  4 leopard geckos
  An orc (D:3)
  4 giant cockroaches
  3 goblins
  3 hobgoblins
  4 jackals (D:2)
  7 bats
  A frilled lizard (D:3)
  8 kobolds
  6 rats
50 creatures vanquished.

Notes
Turn   | Place    | Note
-------+----------+-------------------------------------------
     0 | D:1      | Scoots the Formicid Fighter began the quest for the Orb.
     0 | D:1      | Reached XP level 1. HP: 18/18 MP: 1/1
    30 | D:1      | Reached XP level 2. HP: 23/24 MP: 2/2
   134 | D:1      | Reached skill level 4 in Shields
   197 | D:1      | Reached XP level 3. HP: 25/29 MP: 3/3
   627 | D:2      | Reached XP level 4. HP: 31/36 MP: 4/4
  1036 | D:2      | Reached skill level 1 in Slings
  1036 | D:2      | Reached XP level 5. HP: 41/42 MP: 5/5
  1300 | D:3      | Noticed an orc warrior
  1309 | D:3      | Reached skill level 1 in Dodging
  1588 | D:3      | HP: 2/42 [orc warrior/+0 glaive (5)]
  1590 | D:3      | Annihilated by an orc warrior

Levels and vault maps discovered:
D:1:      mainiacjoe_arrival_reflecting_pool, layout_rooms
D:2:      layout_basic, minmay_liquid_box, interstate_on_off,
          roderic_filled_cross
D:3:      layout_rooms, nicolae_overflow_crystal_walls

Skill      XL: |  1  2  3  4  5 |
---------------+----------------+-----
Shields        | 4 |  4.4
Long Blades    | 3 |  3.1
Slings         | 1 |  1.0
Dodging        | 1 |  1.3
Fighting       | |  3.7
Armour         | |  3.6
Stealth        | |  0.2

Action                   |  1- 3 |  4- 6 || total
-------------------------+-------+-------++-------
Melee: Long sword        |    84 |    56 ||   140
 Fire: Hunting sling     |    10 |    18 ||    28
  Use: Scroll            |     2 |     2 ||     4
       Potion            |       |     1 ||     1
  Eat: Chunk             |       |     1 ||     1
Armor: Scale mail        |    50 |    39 ||    89
Dodge: Dodged            |    35 |    44 ||    79
Block: Kite shield       |    64 |    54 ||   118
       Rpst.: Long sword |    14 |     4 ||    18

Table legend:
 A = Non-vault XP
 B = Vault XP
 C = Vault XP percentage of total XP
 D = Non-vault monster count
 E = Vault monster count
 F = Vault count percentage of total count
                 A         B        C        D         E       F
            +---------+---------+-------+---------+---------+-------
      Total |     163 |       0 |   0.0 |      50 |       0 |   0.0
            +---------+---------+-------+---------+---------+-------
        D:1 |      50 |       0 |   0.0 |      24 |       0 |   0.0
        D:2 |      90 |       0 |   0.0 |      21 |       0 |   0.0
        D:3 |      23 |       0 |   0.0 |       5 |       0 |   0.0
            +---------+---------+-------+---------+---------+-------
